 Dungeon Crawl Stone Soup version 0.22.0-49-gab54619674 (webtiles) character file.

93 Gaplan the Ruffian (level 4, -5/36 HPs)
             Began as a Human Berserker on Sept 4, 2018.
             Was a Believer of Trog.
             Killed by divine providence
             ... invoked by an orc priest
              (14 damage)
             ... on level 3 of the Dungeon.
             The game lasted 00:03:44 (2078 turns).

Gaplan the Ruffian (Human Berserker)                Turns: 2078, Time: 00:03:45

Health: -5/36      AC:  5    Str: 18    XL:     4   Next: 91%
Magic:  4/4        EV: 11    Int:  7    God:    Trog [**....]
Gold:   122        SH:  0    Dex: 13    Spells: 3/3 levels left

rFire    . . .     SeeInvis .     - Unarmed
rCold    . . .     Gourm    .   (no shield)
rNeg     . . .     Faith    .   c - +0 ring mail
rPois    .         Spirit   .   (no helmet)
rElec    .         Reflect  .   (no cloak)
rCorr    .         Harm     .   (no gloves)
MR       .....                  (no boots)
Stlth    +.........             (no amulet)
HPRegen  0.12/turn              (no ring)
MPRegen  0.09/turn              (no ring)

@: no status effects
A: no striking features
a: Berserk, Trog's Hand, Renounce Religion


You were on level 3 of the Dungeon.
You worshipped Trog.
Trog was pleased with you.
You were not hungry.

You visited 1 branch of the dungeon, and saw 3 of its levels.

You collected 122 gold pieces.

Inventory:

Armour
 a - a +0 animal skin
 c - a +0 ring mail (worn)
Jewellery
 e - a cursed ring of attention {unknown}
 g - an uncursed ring of magical power {unknown}
Scrolls
 i - a scroll of teleportation {unknown}
 j - a scroll of remove curse {unknown}
 l - 2 scrolls of amnesia {unknown}
Potions
 d - a potion of haste {unknown}
 f - a potion of heal wounds {unknown}
 h - 2 potions of curing {unknown}
 k - a potion of lignification {unknown}
 m - a potion of berserk rage {unknown}
 n - a potion of degeneration {unknown}
Comestibles
 b - 5 rations


   Skills:
 + Level 3.6 Fighting
 + Level 2.7 Armour
 + Level 2.1 Dodging
 + Level 4.2 Unarmed Combat


You had 3 spell levels left.
You didn't know any spells.
Your spell library was empty.

Dungeon Overview and Level Annotations

Branches:
Dungeon (3/15)

Altars:
Ashenzari


Message History

The orc is healed somewhat.
You punch the orc!
You kill the orc!
Trog accepts your kill.
The orc priest calls down the wrath of Beogh upon you.
Beogh smites you!
* * * LOW HITPOINT WARNING * * *
You punch the orc!
You kill the orc!
Trog accepts your kill.
A bat comes into view.
The orc priest looks satisfied for a moment.
The bat closely misses you. The orc priest closely misses you.
Things that are here:
a war axe x2; an orc corpse The bat hits you but does no damage.
The bat hits you but does no damage.
The orc priest invokes the aid of Beogh against you.
Beogh smites you!
You die...

......#.#.. ......#...
...%..... ##..
........###.....
........).......
.....)#.o###... ..... ##b#
.... #.# #.. #@# ## #.#
##........ #.# #.........
#.# #.........
#######.#######.........
####.......................
##....###.......###.........
#..#### #.....<.............
#.## #...)........†......


You could see an orc priest and a bat.

Vanquished Creatures
  3 adders
  A worm (D:2)
  A dart slug (D:2)
  2 leopard geckos
  2 orcs (D:3)
  A ball python (D:3)
  7 bats
  6 giant cockroaches
  7 goblins
  4 hobgoblins
  3 jackals (D:1)
  A quokka (D:2)
  3 frilled lizards (D:1)
  7 kobolds
  7 rats
55 creatures vanquished.

Notes
Turn   | Place    | Note
-------+----------+-------------------------------------------
     0 | D:1      | Gaplan the Human Berserker began the quest for the Orb.
     0 | D:1      | Reached XP level 1. HP: 18/18 MP: 1/1
    86 | D:1      | Reached XP level 2. HP: 22/24 MP: 2/2
   416 | D:1      | Reached XP level 3. HP: 26/29 MP: 3/3
   520 | D:1      | Reached ** piety under Trog
  1178 | D:2      | Found a shattered altar of Ashenzari.
  1406 | D:2      | Reached XP level 4. HP: 26/36 MP: 4/4
  1593 | D:2      | Found a faded altar of an unknown god.
  1630 | D:2      | Reached skill level 4 in Unarmed Combat
  2078 | D:3      | Killed from afar by an orc priest

Skill      XL: |  1  2  3  4 |
---------------+-------------+-----
Unarmed Combat | 4 |  4.2
Fighting       | |  3.6
Armour         | |  2.7
Dodging        | |  2.1

Action                   |  1- 3 |  4- 6 || total
-------------------------+-------+-------++-------
Melee: Unarmed           |   146 |    59 ||   205
       Punch             |     2 |       ||     2
  Use: Scroll            |       |     1 ||     1
  Eat: Chunk             |     2 |     2 ||     4
Armor: Ring mail         |    57 |    15 ||    72
Dodge: Dodged            |    83 |    31 ||   114
